 Dungeon Crawl Stone Soup version 0.19.4-9-g45fd643 (webtiles) character file.

259 Gargoyl the Skirmisher (level 6, -3/57 HPs)
             Began as a Ghoul Abyssal Knight on Feb 16, 2017.
             Was a Follower of Lugonu.
             Slain by a quicksilver dragon simulacrum (19 damage)
             ... on level 2 of the Abyss.
             The game lasted 00:00:37 (69 turns).

Gargoyl the Skirmisher (Ghoul Abyssal Knight)         Turns: 69, Time: 00:00:38

Health: -3/57      AC:  3    Str: 16    XL:     6   Next: 17%
Magic:  7/7        EV: 11    Int:  7    God:    Lugonu [*.....]
Gold:   0          SH:  0    Dex: 10    Spells: 0 memorised, 5 levels left

rFire  . . .     SeeInvis .     a - +1 hand axe
rCold  + . .     Gourm    .     b - +0 leather armour
rNeg   + + +     Faith    .     (no shield)
rPois  ∞         Spirit   .     (no helmet)
rElec  .         Reflect  .     (no cloak)
rCorr  .         Harm     .     (no gloves)
MR     .....                    (no boots)
Stlth  +.........               (no amulet)
                                (no ring)
                                (no ring)

@: rotting
A: rotting body, claws 1, carnivore 3, cold resistance 1, negative energy
resistance 3, slow regeneration 1, torment resistance, unbreathing
a: Depart the Abyss, Renounce Religion


You were on level 2 of the Abyss.
You worshipped Lugonu.
Lugonu was aware of your devotion.
You were not hungry.

You visited 0 branches of the dungeon, and saw 0 of its levels.
You visited the Abyss 1 time.

Inventory:

Hand Weapons
 a - a +1 hand axe (weapon)
Armour
 b - a +0 leather armour (worn)
Potions
 d - a potion of heal wounds {unknown}
Comestibles
 c - a meat ration


   Skills:
 + Level 6.1 Fighting
 + Level 2.5 Axes
 + Level 2.5 Armour
 + Level 1.0 Dodging
 + Level 2.8 Invocations


You had 5 spell levels left.
You didn't know any spells.

Dungeon Overview and Level Annotations

Branches:
Dungeon (0/15)

Altars:


Innate Abilities, Weirdness & Mutations

Your body is rotting away.
You thrive on raw meat.
You are immune to poison.
You have sharp fingernails.
You are carnivorous and can eat meat at any time.
Your flesh is cold resistant. (rC+)
You are immune to negative energy. (rN+++)
You regenerate slowly when monsters are visible.
You are immune to unholy pain and torment.
You can survive without breathing.


Message History

Unknown command.
The substance of the Abyss twists violently, and a gateway leading out appears!
There is a gateway leading out of the Abyss here.
Found a long sword.
Found a club.
Your deep elf mage dissolves into shadows!
Found a sack of spiders.
Your raiju dissolves into shadows!
A quicksilver dragon simulacrum comes into view.
The quicksilver dragon simulacrum bites you.
The quicksilver dragon simulacrum freezes you!!
You resist.
The quicksilver dragon simulacrum claws you but does no damage.
The quicksilver dragon simulacrum bites you!
The quicksilver dragon simulacrum freezes you!
You resist.
* * * LOW HITPOINT WARNING * * *
The quicksilver dragon simulacrum barely misses you.
The quicksilver dragon simulacrum bites you!!
You die...

#.#######..#.#
..#...#..#### .
##.###.##.# $#. .
##.....#.# ...
#..#..#.#. ##.. #
#.#....####..# ..
#......###..#.#.
...##.###.Z.#...#.#
.#.......##@.##.
...##.).##..# ..
...#####. ..... .
#.. #)........ . .#
#..##..##..## #.
#..# ..# .# ....
... . .... ..


You could see a quicksilver dragon simulacrum.

Vanquished Creatures (collateral kills)
  A large abomination (Abyss:2)
1 creature vanquished.

Vanquished Creatures (others)
  4 starspawn tentacles (Abyss:2)
4 creatures vanquished.

Grand Total: 5 creatures vanquished

Notes
Turn   | Place    | Note
-------+----------+-------------------------------------------
     0 | Abyss:1  | Gargoyl the Ghoul Abyssal Knight began the quest for the Orb.
     0 | Abyss:1  | Reached XP level 1. HP: 19/19 MP: 1/1
    26 | Abyss:2  | Noticed a large abomination
    35 | Abyss:2  | Killed a large abomination
    35 | Abyss:2  | Reached skill level 6 in Fighting
    35 | Abyss:2  | Reached skill level 1 in Dodging
    35 | Abyss:2  | Reached XP level 2. HP: 26/30 MP: 3/3
    35 | Abyss:2  | Reached XP level 3. HP: 32/37 MP: 4/4
    35 | Abyss:2  | Reached XP level 4. HP: 38/44 MP: 5/5
    35 | Abyss:2  | Reached XP level 5. HP: 44/50 MP: 6/6
    35 | Abyss:2  | Reached XP level 6. HP: 50/57 MP: 7/7
    58 | Abyss:2  | Noticed a quicksilver dragon simulacrum
    69 | Abyss:2  | Slain by a quicksilver dragon simulacrum

Skill      XL: |  1 |
---------------+----+-----
Fighting       | 6 |  6.1
Axes           | 2 |  2.5
Armour         | 2 |  2.5
Dodging        | 1 |  1.0
Invocations    | |  2.8

Action                   |  1- 3 |  4- 6 || total
-------------------------+-------+-------++-------
  Use: Scroll            |     1 |       ||     1
Armor: Leather armour    |       |     1 ||     1
Dodge: Dodged            |       |     1 ||     1
